 Dungeon Crawl Stone Soup version 0.19-a0-570-g8ae9a92 (webtiles) character file.

17039 TheGoonsmith the Basher (level 12, -3/60 HPs)
             Began as a Vine Stalker Fighter on June 8, 2016.
             Was a High Priest of Makhleb.
             Slain by an ettin
             ... wielding a +0 great mace
              (14 damage)
             ... on level 12 of the Dungeon.
             The game lasted 00:21:04 (9376 turns).

TheGoonsmith the Basher (Vine Stalker Fighter)      Turns: 9376, Time: 00:21:05

Health: -3/60      AC: 23    Str: 23    XL:     12   Next: 43%
Magic:  0/22       EV:  9    Int:  8    God:    Makhleb [*****.]
Gold:   700        SH: 12    Dex: 15    Spells: 0 memorised, 11 levels left

rFire  . . .     SeeInvis .     x - +8 whip (elec)
rCold  . . .     Gourm    .     K - +7 chain mail of the Blue Skies {+Blink rF- MR+}
rNeg   . . .     Faith    .     c - +0 shield
rPois  .         Spirit   +     N - +0 helmet
rElec  .         Dismiss  .     R - +1 cloak
rCorr  .         Reflect  .     l - +1 pair of gloves
SustAt .         Harm     .     (no boots)
MR     ++...                    v - amulet of regeneration
Stlth  ..........               z - ring of protection from fire
                                m - ring of magical power

@: flying, very resistant to hostile enchantments, extremely unstealthy
A: fangs 3, regeneration 3, magic shield, antimagic bite, no device heal 3, rot
immunity
a: Minor Destruction, Lesser Servant of Makhleb, Major Destruction, Greater
Servant of Makhleb, Renounce Religion, Evoke Blink


You were on level 12 of the Dungeon.
You worshipped Makhleb.
Makhleb was extremely pleased with you.
You were not hungry.

You visited 1 branch of the dungeon, and saw 12 of its levels.

You collected 844 gold pieces.
You spent 144 gold pieces at shops.

Inventory:

Hand Weapons
 a - a +0 rapier
 u - the +6 broad axe "Kutaf" {venom, SInv}
   (You found it on level 5 of the Dungeon)

   It poisons the flesh of those it strikes.
   It lets you see invisible.
 x - a +8 whip of electrocution (weapon)
Armour
 b - a +0 scale mail
 c - a +0 shield (worn)
 l - a +1 pair of gloves (worn)
 B - a +0 chain mail
 K - the +7 chain mail of the Blue Skies (worn) {+Blink rF- MR+}
   (You found it on level 7 of the Dungeon)

   It makes you vulnerable to fire.
   It affects your resistance to hostile enchantments.
   It lets you blink.
 N - a +0 helmet (worn)
 R - a +1 cloak (worn)
Jewellery
 m - a ring of magical power (left hand)
 o - an uncursed ring of fire
 p - an uncursed ring of flight
 v - an amulet of regeneration (around neck)
 y - a +5 ring of intelligence
 z - a ring of protection from fire (right hand)
 L - an uncursed ring of wizardry
 M - a +3 ring of evasion
Wands
 s - a wand of paralysis (5/24)
 w - a wand of lightning (8/15)
 A - a wand of lightning (3/15)
 O - a wand of digging (2/24)
 P - a wand of polymorph (6/24)
 X - a wand of iceblast (10/15)
 Y - a wand of slowing (29/48)
Scrolls
 e - a scroll of brand weapon {unknown}
 g - 2 scrolls of blinking
 h - 8 scrolls of remove curse
 i - 5 scrolls of amnesia
 r - 4 scrolls of identify
 E - 2 scrolls of enchant armour
 I - 2 scrolls of fog
 J - 3 scrolls of teleportation
 S - 3 scrolls of magic mapping
Potions
 d - 4 potions of might
 j - 8 potions of curing
 n - 2 potions of agility
 t - 2 potions of berserk rage
 D - a potion of invisibility
 F - a potion of degeneration {unknown}
 G - 2 potions of haste
 Q - a potion of resistance
 Z - a potion of brilliance {unknown}
Books
 T - a book of the Sky

   Spells                             Type                      Level
   a - Summon Lightning Spire         Summoning/Air                4
   b - Airstrike                      Air                          4
   c - Silence                        Hexes/Air                    5
   d - Deflect Missiles               Charms/Air                   6
   e - Conjure Ball Lightning         Conjuration/Air              6
   f - Tornado                        Air                          9
 W - a book of Power

   Spells                             Type                      Level
   a - Fulminant Prism                Conjuration/Hexes            4
   b - Iskenderun's Mystic Blast      Conjuration                  4
   c - Venom Bolt                     Conjuration/Poison           5
   d - Bolt of Magma                  Conjuration/Fire/Earth       5
   e - Iron Shot                      Conjuration/Earth            6
   f - Orb of Destruction             Conjuration                  7
   g - Spellforged Servitor           Conjuration/Summoning        7
Miscellaneous
 V - a phantom mirror
Comestibles
 f - 7 bread rations
 k - 6 beef jerkies
 q - 5 meat rations
 C - 5 fruits
 U - 7 royal jellies


   Skills:
 - Level 5.0 Fighting
 - Level 4.6 Short Blades
 - Level 12.0 Maces & Flails
 - Level 6.2 Armour
 + Level 4.6 Dodging
 + Level 9.7 Shields


You had 11 spell levels left.
You didn't know any spells.

Dungeon Overview and Level Annotations

Branches:
Dungeon (12/15)            Temple (0/1) D:7            Lair (0/8) D:11
    Orc: D:9-12

Altars:
Ashenzari
Cheibriados
Elyvilon
Fedhas
Kikubaaqudgha
Makhleb
Nemelex Xobeh
Okawaru
Qazlal
Ru
Sif Muna
Uskayaw
Xom
Yredelemnul
Zin
The Shining One

Shops:
D:5 *   D:7 *   D:9 %[:


Innate Abilities, Weirdness & Mutations

You have razor-sharp teeth.
You regenerate.
When hurt, damage is shared between your health and your magic reserves.
Your bite disrupts and absorbs the magic of your enemies.
Potions and wands cannot restore your health.
You are immune to rotting.


Message History

You bite the ettin. You drain its power.
The ettin is lightly wounded.
You block the ettin's attack. x2
You whack the ettin!
There is a sudden explosion of sparks!
The ettin is heavily wounded.
You whack the ettin!
The ettin is heavily wounded.
You hit the ettin but do no damage.
There is a sudden explosion of sparks!
The ettin is severely wounded.
The ettin hits you but does no damage. The ettin hits you with a dire flail!!
You whack the ettin! Your bite misses the ettin.
The ettin is almost dead.
The ettin hits you with a great mace!! The ettin hits you with a dire flail!!
* * * LOW HITPOINT WARNING * * *
You block the ettin's attack. The ettin misses you.
Okay, then.
You hit the ettin. You bite the ettin, but do no damage.
The ettin is almost dead.
The ettin hits you with a great mace!
You die...

#########
##).≈≈≈≈≈§≈≈##
##..≈≈≈≈§§§ ≈§§####
#..≈§≈##### §§§§..##
#.§≈≈##....# 8§≈≈..##
#.§≈##......##.≈≈§..#
#.≈≈#..# #..#8.§§§.#
#.≈≈#..# #..'..§§§.#
#.≈≈#O.+ #..'.@§§≈.#
##.§§#..# #..#8C§§≈.#
...§§##.....
##§§§§§.# ...≈§§##..
##8§≈§..##
....≈≈§######≈§§§...#
....#§§≈≈§§≈≈≈≈≈....#
.....§≈§≈≈§≈≈§......#
....#######....§§...#
#.##### #....§....#


You could see an ettin.

Vanquished Creatures
  Nergalle (D:11)
  Sonja (D:11)
  An unseen horror (D:11)
  4 hill giants
  An ugly thing (D:12)
  Maurice (D:11)
  Joseph (D:7)
  2 kobold demonologists
  A queen bee (D:8)
  A troll (D:12)
  A two-headed ogre (D:11)
  Prince Ribbit (D:7)
  Sigmund (D:4)
  A shadow (D:11)
  A wyvern (D:11)
  14 yaks
  A steam dragon (D:10)
  A basilisk (D:11)
  4 hippogriffs
  Grum (D:8)
  Menkaure (D:5)
  A soldier ant (D:12)
  2 water moccasins
  2 sky beasts
  An eye of draining (D:11)
  An ice beast (D:7)
  4 orc warriors
  3 black bears
  A necrophage (D:6)
  A phantom (D:8)
  6 centaurs
  5 ogres
  4 wolves (D:8)
  A crocodile (D:11)
  7 giant frogs
  A gnoll sergeant (D:8)
  4 scorpions
  30 killer bees
  A water moccasin skeleton (D:7)
  13 wights
  A howler monkey (D:7)
  6 crimson imps
  A centaur zombie (D:12)
  A giant frog zombie (D:7)
  A quasit (D:8)
  A lava snake (D:12)
  2 orc priests
  3 hounds
  4 jellies
  6 orc wizards
  3 centaur skeletons
  3 giant frog skeletons
  A gnoll shaman (D:4)
  Jessica (D:3)
  3 iguanas
  14 worker ants
  A worker ant zombie (D:7)
  8 gnolls
  14 adders
  A howler monkey skeleton (D:10)
  3 shadow imps
  6 worms
  14 dart slugs
  9 giant geckos
  25 orcs
  A ball python (D:1)
  9 bats
  5 giant cockroaches
  4 goblins
  5 hobgoblins
  14 jackals
  13 kobolds
  4 quokkas
  9 giant newts
  A quokka skeleton (D:5)
  10 rats
  A plant (D:11)
337 creatures vanquished.

Notes
Turn   | Place    | Note
--------------------------------------------------------------
     0 | D:1      | TheGoonsmith the Vine Stalker Fighter began the quest for the Orb.
     0 | D:1      | Reached XP level 1. HP: 11/11 MP: 2/2
   178 | D:1      | Reached XP level 2. HP: 16/16 MP: 3/3
   830 | D:1      | Reached XP level 3. HP: 19/19 MP: 4/4
   867 | D:2      | Found a sacrificial altar of Ru.
  1340 | D:2      | Reached XP level 4. HP: 23/23 MP: 5/5
  1778 | D:3      | Noticed Jessica
  1987 | D:3      | Killed Jessica
  1987 | D:3      | Reached XP level 5. HP: 26/27 MP: 6/6
  2102 | D:3      | Found a glowing golden altar of the Shining One.
  2635 | D:3      | HP: 1/28 [poisoned by a worker ant]
  2640 | D:3      | HP: 1/28 [poisoned by a worker ant]
  2647 | D:3      | HP: 1/28 [poisoned by a worker ant]
  2655 | D:3      | HP: 1/28 [poisoned by a worker ant]
  2864 | D:4      | Gained mutation: You heal very quickly. [Vine Stalker growth]
  2864 | D:4      | Reached XP level 6. HP: 23/32 MP: 7/7
  2996 | D:4      | Noticed Sigmund
  3014 | D:4      | Killed Sigmund
  3014 | D:4      | Reached skill level 1 in Maces & Flails
  3014 | D:4      | Reached XP level 7. HP: 14/37 MP: 8/8
  3040 | D:4      | Reached skill level 2 in Maces & Flails
  3526 | D:4      | Reached skill level 3 in Maces & Flails
  3585 | D:5      | Entered Level 5 of the Dungeon
  3751 | D:5      | Noticed Menkaure
  3759 | D:5      | Killed Menkaure
  3809 | D:5      | Got a pitted broad axe
  3810 | D:5      | Identified the +6 broad axe "Kutaf" {venom, SInv} (You found it on level 5 of the Dungeon)
  3822 | D:5      | Found Zaruseus's General Store.
  3834 | D:5      | Bought a potion of berserk rage for 60 gold pieces
  3834 | D:5      | Bought a scroll of identify for 24 gold pieces
  3898 | D:5      | Reached skill level 4 in Maces & Flails
  3898 | D:5      | Gained mutation: You have razor-sharp teeth. [Vine Stalker growth]
  3898 | D:5      | Reached XP level 8. HP: 42/42 MP: 9/9
  4293 | D:5      | Found a deep blue altar of Sif Muna.
  4297 | D:5      | Found a snail-covered altar of Cheibriados.
  4301 | D:5      | Found a shimmering altar of Xom.
  4303 | D:5      | Found an iron altar of Okawaru.
  4304 | D:5      | Found a shattered altar of Ashenzari.
  4306 | D:5      | Found a burning altar of Makhleb.
  4440 | D:6      | Reached skill level 5 in Maces & Flails
  4538 | D:6      | Reached skill level 6 in Maces & Flails
  4681 | D:6      | Found a white marble altar of Elyvilon.
  4745 | D:6      | Reached skill level 7 in Maces & Flails
  4789 | D:6      | Reached XP level 9. HP: 44/45 MP: 10/10
  4866 | D:6      | Reached skill level 8 in Maces & Flails
  4978 | D:6      | Found a basalt altar of Yredelemnul.
  5205 | D:5      | Became a worshipper of Makhleb the Destroyer
  5292 | D:7      | Found Jeimunn's General Store.
  5297 | D:7      | Bought a scroll of identify for 30 gold pieces
  5297 | D:7      | Bought a scroll of identify for 30 gold pieces
  5463 | D:7      | Got an ancient chain mail
  5474 | D:7      | Identified the +7 chain mail of the Blue Skies {+Blink rF- MR+} (You found it on level 7 of the Dungeon)
  5518 | D:7      | Reached skill level 9 in Maces & Flails
  5743 | D:7      | Found a stormy altar of Qazlal.
  5755 | D:7      | Found a hide-covered altar of Uskayaw.
  5776 | D:7      | Noticed Joseph
  5789 | D:7      | Killed Joseph
  5789 | D:7      | Reached skill level 10 in Maces & Flails
  5792 | D:7      | Reached * piety under Makhleb
  5792 | D:7      | Reached XP level 10. HP: 33/50 MP: 11/11
  5903 | D:7      | Found a staircase to the Ecumenical Temple.
  5914 | D:7      | Noticed Prince Ribbit
  5940 | D:7      | Killed Prince Ribbit
  5940 | D:7      | Reached skill level 11 in Maces & Flails
  6033 | D:7      | Noticed a kobold demonologist
  6038 | D:7      | Killed a kobold demonologist
  6496 | D:8      | Reached ** piety under Makhleb
  6575 | D:8      | Reached skill level 12 in Maces & Flails
  6586 | D:8      | Reached skill level 5 in Shields
  6713 | D:8      | Reached skill level 5 in Fighting
  6829 | D:8      | Noticed Grum
  6834 | D:8      | Reached *** piety under Makhleb
  6845 | D:8      | Killed Grum
  6887 | D:8      | Reached XP level 11. HP: 55/55 MP: 12/12
  6988 | D:8      | Found a glowing silver altar of Zin.
  7133 | D:9      | Found Zuedieb's Food Emporium.
  7300 | D:9      | Found a shattered altar of Ashenzari.
  7305 | D:9      | Found an ancient bone altar of Kikubaaqudgha.
  7305 | D:9      | Found a blossoming altar of Fedhas.
  7379 | D:9      | Found Ityac's Book Boutique.
  7458 | D:9      | Found Fooh's Armour Shop.
  7572 | D:9      | Found a sparkling altar of Nemelex Xobeh.
  7597 | D:10     | Entered Level 10 of the Dungeon
  7727 | D:10     | Reached skill level 1 in Dodging
  7812 | D:10     | Noticed a hill giant
  7819 | D:10     | Killed a hill giant
  7839 | D:10     | Reached **** piety under Makhleb
  7857 | D:10     | Noticed a hill giant
  7863 | D:10     | Killed a hill giant
  7933 | D:10     | Reached skill level 5 in Armour
  8179 | D:11     | Noticed Nergalle
  8222 | D:11     | Killed Nergalle
  8230 | D:11     | Reached ***** piety under Makhleb
  8277 | D:11     | Found a staircase to the Lair.
  8348 | D:11     | Noticed Sonja
  8371 | D:11     | Killed Sonja
  8446 | D:11     | Noticed Maurice
  8465 | D:11     | Killed Maurice
  8516 | D:11     | Killed an unseen horror
  8516 | D:11     | Gained mutation: You regenerate. [Vine Stalker growth]
  8516 | D:11     | Reached XP level 12. HP: 60/60 MP: 13/13
  8688 | D:11     | Found a shimmering altar of Xom.
  9179 | D:12     | Noticed an ettin
  9181 | D:12     | Noticed an ogre mage
  9376 | D:12     | Slain by an ettin

Vault maps used:
D:1:      minmay_arrival_stair_chambers
D:2:      nicolae_ru_the_path_less_chosen, minmay_door_square,
          minmay_lizard_king, uniq_crazy_yiuf_cottage
D:3:      overflow_temple_1_default, first_bread, uniq_jessica
D:4:      kennysheep_slugbush, uniq_sigmund
D:5:      minitemple, serial_shops, shop_fountains, uniq_menkaure
D:6:      elyvilon_altar_3, kennysheep_mini, roderic_roman_lattice
D:7:      nicolae_qazlal_style_of_elements, minmay_temple_entry_overgrown,
          basic_altar, serial_shops, shop, wad_mini_maze, uniq_joseph,
          uniq_prince_ribbit1
D:8:      zin_scriptorium, nicolae_overflow_hidden_temple, david_nohive_1,
          uniq_grum
D:9:      grunt_temple_overflow_growth_and_decay, marbit_many_paths,
          serial_shops, nicolae_shop_behind_doors, kennysheep_mini_moat,
          nicolae_shop_temple_entry_statues_fountains, basic_altar
D:11:     due_lair_maze_entry_diamond, basic_altar, uniq_maurice, uniq_sonja,
          uniq_nergalle
D:12:     david_orc_4, serial_glass, glass_columns_b, glass_columns_a,
          minmay_strange_pillars, item_on_display_a, due_unseen_surprise,
          kennysheep_island_fort

Skill      XL: |  1  2  3  4  5  6  7  8  9 10 11 12 |
---------------+-------------------------------------+-----
Short Blades   | 2 3 4 |  4.6
Shields        | 3 4 6 8 9 |  9.7
Fighting       | 3 4 5 |  5.0
Maces & Flails | 1 4 7 10 12 | 12.0
Armour         | 3 6 |  6.2
Dodging        | 2 4 |  4.6

Action                   |  1- 3 |  4- 6 |  7- 9 | 10-12 || total
-------------------------+-------+-------+-------+-------++-------
Melee: Rapier            |   116 |   193 |       |       ||   309
       Bite              |    29 |    66 |    64 |   154 ||   313
       Whip              |       |    16 |   223 |   587 ||   826
Evoke: Wand              |       |       |     3 |     3 ||     6
  Use: Scroll            |       |       |    15 |     9 ||    24
       Potion            |       |       |       |     1 ||     1
 Stab: Paralysed         |       |       |     5 |     2 ||     7
  Eat: Chunk             |     1 |     6 |     9 |    11 ||    27
       Pizza             |       |       |       |     1 ||     1
Armor: Scale mail        |    44 |    74 |    10 |       ||   128
       Chain mail        |       |       |    55 |   214 ||   269
Dodge: Dodged            |    38 |    51 |    31 |    87 ||   207
Block: Shield            |    46 |    96 |    85 |   209 ||   436
